 Dungeon Crawl Stone Soup version bcrawl-1.27.6 (webtiles) character file.

Game seed: 6876305602978587687

152278 Baz the Magician (level 5, -2/37 HPs)
             Began as a Djinni Wizard on Sept 7, 2020.
             Was a Follower of Vehumet.
             Slain by Duvessa
             ... wielding a +0 rapier
              (8 damage)
             ... on level 4 of the Dungeon.
             The game lasted 00:08:12 (3267 turns).

Baz the Magician (Djinni Wizard)                    Turns: 3267, Time: 00:08:13

Health: -2/37      AC:  5    Str: 16    XL:     5   Next: 97%
Magic:  0/13       EV: 12    Int: 22    God:    Vehumet [*.....]
Gold:   254        SH:  0    Dex:  9    Spells: 6/15 levels left

rFire    . . .     SeeInvis .   a - +0 staff
rCold    . . .     Gourm    .   (no shield)
rNeg     . . .     Faith    .   b - +0 robe
rPois    .         Spirit   .   c - +0 hat
rElec    .         Reflect  .   (no cloak)
rCorr    .         Harm     .   (no gloves)
MR       .....     Rnd*Rage +   (boots unavailable)
Stlth    ++........             (no amulet)
HPRegen  0.12/turn              q - +7 ring of strength
MPRegen  0.13/turn              m - +3 ring of protection

@: flying
A: never pass out, beak, claws 1, berserk 2, blink, blurry vision 2, frail 1,
wild magic 2, MP-powered wands, floating
a: Blink, Renounce Religion


You were on level 4 of the Dungeon.
You worshipped Vehumet.
Vehumet was aware of your devotion.
You were hungry.

You visited 1 branch of the dungeon, and saw 4 of its levels.

You collected 254 gold pieces.

Inventory:

Hand Weapons
 a - a +0 staff (weapon)
Armour
 b - a +0 robe (worn)
 c - a +0 hat (worn)
Jewellery
 m - a +3 ring of protection (right claw)
 q - a +7 ring of strength (left claw)
Scrolls
 d - 2 scrolls of remove curse {unknown}
 g - 4 scrolls of amnesia {unknown}
 j - 2 scrolls of teleportation {unknown}
 l - a scroll of immolation {unknown}
 n - 2 scrolls of fear {unknown}
 o - 2 scrolls of identify
 p - a scroll of blinking {unknown}
Potions
 f - a potion of brilliance
 h - a potion of agility {unknown}
 i - a potion of curing
 k - a potion of mutation
 r - a potion of degeneration {unknown}
Comestibles
 e - 4 rations {!d}
 s - a chunk of flesh


   Skills:
 + Level 2.7 Fighting
 - Level 2.0 Dodging
 - Level 1.5 Stealth
 + Level 5.7 Spellcasting
 * Level 4.3 Conjurations
   Level 1.0 Summonings
 - Level 1.2 Translocations
 + Level 2.2 Fire Magic


You had 6 spell levels left.
You knew the following spells:

 Your Spells              Type           Power        Failure   Level  Hunger
a - Magic Dart            Conj           ####         1%          1    None
b - Blink                 Tloc           N/A          19%         2    None
c - Mephitic Cloud        Conj/Pois/Air  ###.....     9%          3    ##.....
d - Conjure Flame         Conj/Fire      ####....     4%          3    ##.....

Your spell library contained the following spells:

 Spells                   Type           Power        Failure   Level  Hunger
 Shock                    Conj/Air       ####.        2%          1    None
 Call Imp                 Summ           ###...       21%         2    None
 Spider Form              Tmut/Pois      ##.          45%         3    ##.....


Dungeon Overview and Level Annotations

Branches:
Dungeon (4/12)
 Temple: D:4-7

Altars:
Makhleb
Vehumet

Annotations:
D:2 Sigmund, Terence
D:4 Duvessa, Natasha, Robin


Innate Abilities, Weirdness & Mutations

You never pass out after going berserk.
You often lose your temper in combat.
You can translocate small distances at will.
Scrolls take you longer to read.
Your spells are harder to cast, but more powerful.
You expend magic power (3 MP) to strengthen your wands.
Your body floats in the air.
You have a beak for a mouth.
You have sharp fingernails.
You are frail. (-10% HP)


Message History

Duvessa hits you but does no damage.
No path to travel!
Casting: Magic Dart (safe; 1% risk of failure)
Confirm with . or Enter, or press ? or * to list all spells.
Aiming: Magic Dart (safe; 1% risk of failure)
Press: ? - help, Shift-Dir - straight line, f - Duvessa
Aim: Duvessa, wielding a +0 rapier and wearing a +0 chain mail (almost dead)
The magic dart hits Duvessa but does no damage.
Duvessa is almost dead.
Duvessa barely misses you.
No path to travel!
Casting: Magic Dart (safe; 1% risk of failure)
Confirm with . or Enter, or press ? or * to list all spells.
Aiming: Magic Dart (safe; 1% risk of failure)
Press: ? - help, Shift-Dir - straight line, f/p - Duvessa
Aim: Duvessa, wielding a +0 rapier and wearing a +0 chain mail (almost dead)
The magic dart hits Duvessa.
Duvessa is almost dead.
Duvessa hits you with a +0 rapier!
You die...

.............#
.$..#........
...##..##...###
..####........##
....##.........#
.#..J(.#..รท...#
##.....#.a....###
#.............#.##
#..##...........@#
...............e.#
....#...#...#.#..#
....#..##...###.##
..?.........# ###
.....#......[.
..#..###.......
... ........


You could see Duvessa and a worker ant (wandering).

Vanquished Creatures
  A bullfrog (D:4)
  An iron imp (D:3)
  3 gnolls (D:3)
  2 adders (D:3)
  A howler monkey skeleton (D:4)
  3 oozes
  An adder zombie (D:3)
  A dart slug (D:3)
  3 worms
  3 leopard geckos (D:1)
  6 orcs (D:3)
  4 bats
  2 giant cockroaches
  11 goblins
  9 hobgoblins
  5 jackals
  2 quokkas
  2 frilled lizards
  11 kobolds
  6 rats
77 creatures vanquished.

Notes
Turn   | Place    | Note
-------+----------+-------------------------------------------
     0 | D:1      | Baz the Djinni Wizard began the quest for the Orb.
     0 | D:1      | Reached XP level 1. HP: 14/14 MP: 5/5
   288 | D:1      | Reached XP level 2. HP: 22/22 MP: 2/7
   636 | D:1      | Reached skill level 1 in Fighting
   693 | D:1      | Reached XP level 3. HP: 22/28 MP: 2/9
  1345 | D:2      | Learned a level 2 spell: Blink
  1349 | D:2      | Learned a level 3 spell: Mephitic Cloud
  1353 | D:2      | Learned a level 3 spell: Conjure Flame
  1648 | D:2      | Noticed Terence
  1654 | D:2      | Noticed Sigmund
  1670 | D:1      | Reached skill level 5 in Spellcasting
  1726 | D:3      | Found a radiant altar of Vehumet.
  1843 | D:3      | Became a worshipper of Vehumet
  1966 | D:3      | Found a burning altar of Makhleb.
  1976 | D:3      | Reached skill level 1 in Fire Magic
  1976 | D:3      | Gained mutation: Your spells are harder to cast, but more
                  | powerful. [Djinni growth]
  1976 | D:3      | Gained mutation: You can translocate small distances at
                  | will. [Djinni growth]
  1976 | D:3      | Reached XP level 4. HP: 36/36 MP: 0/11
  2402 | D:3      | Reached XP level 5. HP: 24/41 MP: 1/12
  2971 | D:4      | Noticed Duvessa
  2971 | D:4      | Noticed Robin
  3053 | D:4      | Noticed Natasha
  3056 | D:4      | Reached * piety under Vehumet
  3056 | D:4      | Offered knowledge of Shock by Vehumet.
  3255 | D:4      | Gained mutation: You are frail. (-10% HP) [potion of
                  | mutation]
  3255 | D:4      | Gained mutation: You have sharp fingernails. [potion of
                  | mutation]
  3255 | D:4      | Gained mutation: You have a beak for a mouth. [potion of
                  | mutation]
  3267 | D:4      | Slain by Duvessa

Skill      XL: |  1  2  3  4  5 |
---------------+----------------+-----
Conjurations   | 2 3 4 |  4.3
Fighting       | 1 2 |  2.7
Spellcasting   | 5 |  5.7
Fire Magic     | 1 2 |  2.2
Dodging        | |  2.0
Stealth        | |  1.5
Summonings     | |  1.0
Translocations | |  1.2

Action                   |  1- 3 |  4- 6 || total
-------------------------+-------+-------++-------
Melee: Staff             |    13 |    15 ||    28
       Peck              |       |     1 ||     1
 Cast: Magic Dart        |   115 |    86 ||   201
       Mephitic Cloud    |     1 |     2 ||     3
  Use: Potion            |       |     2 ||     2
 Stab: Confused          |       |     1 ||     1
  Eat: Chunk             |     6 |     5 ||    11
Armor: Robe              |     7 |    20 ||    27
Dodge: Dodged            |    33 |    44 ||    77
